 Dungeon Crawl Stone Soup version 0.28.0-43-g3370ac3207 (webtiles) character file.

Game seed: 258989826572312754

687 JuozasPetrasionis the Ruffian (level 7, 68/68 HPs)
             Began as a Troll Fighter on Feb 25, 2022.
             Quit the game on level 4 of the Dungeon on Mar 8, 2022.
             The game lasted 00:30:35 (3491 turns).

JuozasPetrasionis the Ruffian (Troll Fighter)       Turns: 3491, Time: 00:30:36

Health: 68/68      AC:  5    Str: 27    XL:     7   Next: 35%
Magic:  6/6        EV:  9    Int:  4    God:
Gold:   234        SH:  7    Dex:  9    Spells: 6/6 levels left

rFire   . . .      SeeInvis .     - Unarmed
rCold   . . .      Faith    .   b - +0 kite shield
rNeg    . . .      Spirit   .   a - +0 robe
rPois   .          Reflect  .   (helmet restricted)
rElec   .          Harm     .   s - +0 cloak
rCorr   .          Rampage  .   (gloves unavailable)
Will    .....                   (boots unavailable)
Stlth   +.........              (no amulet)
HPRegen 1.01/turn               (no ring)
MPRegen 0.10/turn               (no ring)

@: no status effects
A: large, unfitting armour, claws 3, regeneration 1, shaggy fur 1, tough skin 1
a: no special abilities


You were on level 4 of the Dungeon.
You visited 1 branch of the dungeon, and saw 5 of its levels.

You collected 234 gold pieces.

Inventory:

Hand Weapons
 u - the +6 dagger of Annoyance {venom, SInv}
   (You found it on level 5 of the Dungeon)

   It poisons the flesh of those it strikes.
   SInv:      It lets you see invisible.
Missiles
 h - a large rock (quivered)
Armour
 a - a +0 robe (worn)
 b - a +0 kite shield (worn)
 s - a +0 cloak (worn)
Wands
 n - a wand of paralysis (13)
 q - a wand of polymorph (1)
Scrolls
 c - a scroll of fear {unknown}
 e - a scroll of magic mapping
 g - a scroll of holy word {unknown}
 i - 3 scrolls of enchant weapon
 j - a scroll of amnesia
 k - a scroll of immolation {unknown}
 m - a scroll of noise {unknown}
 p - a scroll of blinking {unknown}
 t - a scroll of enchant armour {unknown}
Potions
 d - a potion of berserk rage
 f - 2 potions of heal wounds
 l - a potion of curing
 o - 2 potions of magic {unknown}
 r - 2 potions of ambrosia {unknown}


   Skills:
 + Level 3.8 Fighting
 * Level 4.4 Dodging
 + Level 3.7 Shields
 * Level 4.8 Unarmed Combat


You had 6 spell levels left.
You didn't know any spells.
Your spell library was empty.

Dungeon Overview and Level Annotations

Branches:
Dungeon (5/15)
 Temple: D:4-7

Altars:
Beogh


Innate Abilities, Weirdness & Mutations

You are too large for most types of armour.
You have claws for hands.
Your natural rate of healing is unusually fast.
You are covered in fur. (AC +1)
You have tough skin. (AC +1)


Message History

Grinder gestures at you.
You shrug off the repeated paralysis!
You claw Grinder!
You kill Grinder!
You have reached level 7!
r - 2 puce potions
Found a stone staircase leading down.
Found a robe.
Found 14 gold pieces.
Found a scroll labelled EMIERPHUDED.
You now have 234 gold pieces (gained 14).
t - a scroll labelled EMIERPHUDED
There is a stone staircase leading down here.
You climb downwards.
There is a stone staircase leading up here.
An orc wizard and 2 orcs come into view.
Found a scroll of enchant weapon.
A sourceless malevolence fills the Dungeon... and a teleportation trap spontaneously manifests!
You are yanked towards a nearby monster!
Your surroundings seem slightly different.
An orc comes into view. It is wielding a +0 short sword.
The orc wizard moves out of view.
The orc moves out of view. x2
Found a warped dagger.
You see here the +6 dagger of Annoyance {venom, SInv}.
u - the +6 dagger of Annoyance {venom, SInv} You see here a scroll of enchant weapon.
i - 3 scrolls of enchant weapon (gained 1)
You claw the orc!
You kill the orc!
The orc shouts!
There is a stone staircase leading up here.
You can't go down here!
You climb upwards.
There is a stone staircase leading down here.
Unknown command.
Unknown command.
Unknown command.
Unknown command.
Unknown command.
Are you sure you want to abandon this character and quit the game? (Confirm with "yes".)

#######.......
#####..(..#.......
#.................
#.###.....########
#.# #.....# #.#
#.....# # #.#
#.....# .
#.######...# #
###@...........
#......###.|...
#...[...#
#.......#
#.......#
#.......#
#.......#### .
#..........#...
#######........


There were no monsters in sight!

Vanquished Creatures
  Grinder (D:4)
  2 ogres (D:4)
  An orc priest (D:3)
  A centaur skeleton (D:4)
  Crazy Yiuf (D:3)
  Jessica (D:3)
  Natasha (twice) (D:3)
  4 gnolls (D:2)
  5 adders
  An adder skeleton (D:4)
  A worm (D:3)
  A dart slug (D:1)
  10 orcs
  6 ball pythons
  3 endoplasms
  4 giant cockroaches
  4 hobgoblins
  5 kobolds
  A quokka (D:2)
  6 bats
  3 frilled lizards
  4 goblins
  6 rats
73 creatures vanquished.

Notes
Turn   | Place    | Note
-------+----------+-------------------------------------------
     0 | D:1      | JuozasPetrasionis the Troll Fighter began the quest for the
                  | Orb.
     0 | D:1      | Reached XP level 1. HP: 22/22 MP: 0/0
   199 | D:1      | Upgraded the game from 0.28.0-1-gb440e238dd to
                  | 0.28.0-43-g3370ac3207
   282 | D:1      | Reached XP level 2. HP: 29/29 MP: 1/1
   372 | D:1      | Found a faded altar of an unknown god.
  1302 | D:2      | Reached XP level 3. HP: 32/36 MP: 2/2
  1559 | D:3      | Noticed Jessica
  1746 | D:2      | Reached XP level 4. HP: 44/44 MP: 3/3
  2175 | D:3      | Killed Jessica
  2176 | D:3      | Reached XP level 5. HP: 38/53 MP: 4/4
  2450 | D:3      | Noticed Natasha
  2462 | D:3      | Killed Natasha
  2819 | D:3      | Found a runed translucent door.
  2820 | D:3      | Noticed Crazy Yiuf
  2831 | D:3      | Killed Crazy Yiuf
  2913 | D:3      | Noticed Natasha
  2920 | D:3      | Killed Natasha
  2921 | D:3      | Reached XP level 6. HP: 61/61 MP: 5/5
  2965 | D:5      | Entered Level 5 of the Dungeon
  3397 | D:4      | Noticed Grinder
  3413 | D:4      | Paralysed by Grinder for 5 turns
  3419 | D:4      | Killed Grinder
  3420 | D:4      | Reached XP level 7. HP: 56/68 MP: 6/6
  3475 | D:5      | Identified the +6 dagger of Annoyance {venom, SInv}
  3491 | D:4      | Quit the game

Illustrated notes

Levels and vault maps discovered:
D:1:      scummos_arrival_checkerplants, layout_loops_ring,
          hellmonk_ecumenical_altar_defaced_shrine,
          chequers_serial_rivers_micro_a, st_stairs_14, minmay_tetromino_s4
D:2:      layout_basic
D:3:      cheibrodos_pilgrimage, layout_basic, uniq_natasha, uniq_jessica,
          uniq_crazy_yiuf_cottage
D:4:      layout_basic, grunt_gozag_statues, gammafunk_temple_overflow_wave,
          minmay_temple_entry_statues, uniq_grinder
D:5:      layout_loops_ring, minitemple, gammafunk_ghost_hive,
          hangedman_abyss_or_decor_stabs, nicolae_elevator_lobby_asterisk

Skill      XL: |  1  2  3  4  5  6 |
---------------+-------------------+-----
Dodging        | 3 4 |  4.4
Fighting       | 3 |  3.8
Shields        | 3 |  3.7
Unarmed Combat | 3 4 |  4.8

Action                   |  1- 3 |  4- 6 |  7- 9 || total
-------------------------+-------+-------+-------++-------
Melee: Unarmed           |    83 |   131 |     1 ||   215
  Use: Scroll            |     5 |     1 |       ||     6
       Potion            |       |     1 |       ||     1
Armor: Robe              |    21 |    17 |       ||    38
Dodge: Dodged            |    23 |    30 |       ||    53
Block: Kite shield       |    24 |    39 |       ||    63
